 Dungeon Crawl Stone Soup version 0.31-a0-164-g2312942fda (webtiles) character file.

Game seed: 1246358978760108215

121 qw the Chopper (level 5, -15/32 HPs)
             Began as a Gargoyle Fighter on June 13, 2023.
             Demolished by an orc warrior
             ... wielding a +0 battleaxe
              (17 damage)
             ... on level 7 of the Dungeon.
             The game lasted 00:01:09 (2619 turns).

qw the Chopper (Gargoyle Fighter)                   Turns: 2619, Time: 00:01:09

Health: -15/32     AC: 10    Str: 21    XL:     5   Next: 5%
Magic:  5/5        EV:  8    Int:  9    God:
Gold:   145        SH:  8    Dex:  9    Spells: 4/4 levels left

rFire   . . .        Y - +0 war axe
rCold   . . .        f - +0 kite shield
rNeg    + . .        b - +0 scale mail
rPois   inf          (no helmet)
rElec   +            (no cloak)
rCorr   .            (no gloves)
SInv    .            (no boots)
Will    .....        (no amulet) Stlth
                     (no ring)
HPRegen 0.25/turn    (no ring)
MPRegen 0.09/turn

%: no passive effects
@: no status effects
A: sickness immunity, AC +4, negative energy resistance 1, electricity
resistance, torment resistance 1, petrification resistance
a: no special abilities


You were on level 7 of the Dungeon.
You visited 1 branch of the dungeon, and saw 5 of its levels.

You collected 145 gold pieces.


Innate Abilities, Weirdness & Mutations

You are immune to sickness and miasma.
Your stone body is resilient. (AC +4)
You are immune to poison.
You resist negative energy. (rN+)
You are resistant to electric shocks. (rElec)
You are resistant to unholy torment.
You are immune to petrification.


   Skills:
 - Level 3.2 Fighting
 - Level 4.2 Axes
 - Level 3.2 Armour
 + Level 4.0 Shields


You had 4 spell levels left.
You didn't know any spells.
Your spell library was empty.

Inventory:

Hand Weapons
 i - a +0 flail
 Y - a +0 war axe (weapon)
Armour
 b - a +0 scale mail (worn)
 f - a +0 kite shield (worn)
Scrolls
 a - a scroll of identify
 c - a scroll of teleportation {unknown}
Potions
 d - a potion of might
 e - a potion of magic {unknown}
 g - a potion of haste {unknown}
 h - a potion of attraction
 j - 2 potions of curing
 k - a potion of heal wounds {unknown}

Dungeon Overview and Level Annotations

Branches:
Dungeon (4/15)
 Temple: D:4-7

Altars:
Hepliaklqana


Message History

The orc hits you but does no damage. You block the orc wizard's attack.
The orc warrior hits you with a +0 battleaxe!
Ouch! That really hurt!
The orc wizard mumbles some strange words.
The orc wizard flickers and vanishes!
Deactivating autopickup; reactivate with Ctrl-A.
You block the orc's attack.
The orc warrior hits you with a +0 battleaxe.
You barely miss the orc warrior.
The orc warrior is lightly wounded.
You closely miss something. The orc hits you but does no damage.
Something hits you but does no damage.
The orc warrior hits you with a +0 battleaxe.
The ufetubus shouts!
You hit the orc warrior but do no damage.
The orc warrior is lightly wounded.
You miss something. The orc barely misses you.
Something hits you but does no damage.
The orc warrior hits you with a +0 battleaxe.
You block the orc warrior's attack. Something completely misses you.
The orc hits you but does no damage.
You hit the orc warrior but do no damage.
The orc warrior is lightly wounded.
You miss something. You block the orc's attack. Something hits you.
The orc warrior barely misses you.
You hit the orc warrior but do no damage.
The orc warrior is lightly wounded.
You slash something! The orc hits you but does no damage.
Something hits you but does no damage.
The orc warrior hits you but does no damage.
The ufetubus hits you but does no damage.
The ufetubus closely misses you.
You barely miss the orc warrior.
The orc warrior is lightly wounded.
You closely miss something. You barely miss the ufetubus.
You block the orc's attack. Something hits you but does no damage.
The orc warrior hits you with a +0 battleaxe!
Ouch! That really hurt!
You die...

##...## #. #.....#
#.. #.....## #..#
##......##..#
##.......#..#
......o.....#
.......{....## #..
##@o....# #..
#.5.##...# #..
##..## . #... #...#
#...##..## .....
##......## ....#
.........## #....#
).........## #....#
####.......###....#


You could see an orc warrior, an orc and an ufetubus.

Vanquished Creatures
  A hound (D:3)
  3 adders
  A worm (D:3)
  3 dart slugs (D:1)
  An orc (D:7)
  6 bats
  5 endoplasms
  4 giant cockroaches
  5 hobgoblins
  2 jackals (D:2)
  3 quokkas
  4 ball pythons
  A frilled lizard (D:2)
  5 goblins
  2 kobolds
  3 rats
49 creatures vanquished.

Notes
Turn   | Place    | Note
-------+----------+-------------------------------------------
     0 | D:1      | qw the Gargoyle Fighter began the quest for the Orb.
     0 | D:1      | Reached XP level 1. HP: 14/14 MP: 1/1
     0 | D:1      | 0 ||| qw: Version: 0.2-a-29-gc1b59c4
     0 | D:1      | 0 ||| qw: Game counter: 4459
     0 | D:1      | 0 ||| qw: Always use a shield: true
     0 | D:1      | 0 ||| qw: God list: Okawaru
     0 | D:1      | 0 ||| qw: Allow faded altars: false
     0 | D:1      | 0 ||| qw: Do Orc after D:15 true
     0 | D:1      | 0 ||| qw: Do second Lair branch before Depths: true
     0 | D:1      | 0 ||| qw: Lair rune preference: random
     0 | D:1      | 0 ||| qw: Plans: Normal, Zot:1-4, Slime:5, God:TSO, Crypt,
                  | Tomb, Abyss, Pan, Hells, Win
     0 | D:1      | 0 ||| PLANNING D:1-11
   236 | D:1      | 236 ||| Stepping ~*~*~tactically~*~*~ (hiding).
   254 | D:1      | Reached XP level 2. HP: 19/19 MP: 2/2
   269 | D:1      | 269 ||| Stepping ~*~*~tactically~*~*~ (hiding).
   664 | D:1      | Reached skill level 3 in Axes
   678 | D:1      | Reached XP level 3. HP: 21/23 MP: 3/3
   791 | D:1      | 791 ||| READING scroll labelled ATONEOHEHA.
   792 | D:1      | 792 ||| READING scroll labelled WEWUMI RUERREA.
   793 | D:1      | 793 ||| READING scroll labelled KUGRAF WUAK.
   794 | D:1      | 794 ||| DRINKING 2 clear potions.
   795 | D:1      | 795 ||| DRINKING 3 lumpy cyan potions.
   969 | D:2      | 969 ||| DROPPING +0 club.
   977 | D:2      | 977 ||| Stepping ~*~*~tactically~*~*~ (stealth).
   998 | D:2      | 998 ||| Stepping ~*~*~tactically~*~*~ (stealth).
  1111 | D:2      | Found a hazy altar of Hepliaklqana.
  1242 | D:2      | 1242 ||| Stepping ~*~*~tactically~*~*~ (stealth).
  1283 | D:2      | 1283 ||| Stepping ~*~*~tactically~*~*~ (stealth).
  1284 | D:2      | 1284 ||| Stepping ~*~*~tactically~*~*~ (stealth).
  1657 | D:2      | 1657 ||| DROPPING ring of flight.
  1658 | D:2      | 1658 ||| READING scroll labelled REMINE RI TAMUPH.
  1659 | D:2      | 1659 ||| READING scroll labelled KIOCAO NUTI.
  1660 | D:2      | 1660 ||| READING scroll labelled BAPROAMIJOI.
  1661 | D:2      | 1661 ||| READING scroll labelled YMOUG GALYUBRU.
  1885 | D:3      | Reached XP level 4. HP: 28/28 MP: 4/4
  1966 | D:3      | 1966 ||| Stepping ~*~*~tactically~*~*~ (stealth).
  1967 | D:3      | 1967 ||| Stepping ~*~*~tactically~*~*~ (stealth).
  1970 | D:3      | 1970 ||| Stepping ~*~*~tactically~*~*~ (stealth).
  2117 | D:3      | 2117 ||| DROPPING +0 mace.
  2359 | D:3      | Noticed a water moccasin
  2511 | D:3      | 2511 ||| UPGRADING to +0 kite shield.
  2521 | D:3      | 2521 ||| DROPPING +0 buckler.
  2522 | D:3      | 2522 ||| READING scroll labelled ILYENUO HOONO.
  2550 | D:4      | 2550 ||| STAIRDANCE
  2558 | D:3      | Reached XP level 5. HP: 32/32 MP: 5/5
  2589 | D:4      | You fall into a shaft and drop 3 floors!
  2606 | D:7      | Noticed an orc warrior
  2607 | D:7      | 2607 ||| Stepping ~*~*~tactically~*~*~ (hiding).
  2614 | D:7      | HP: 8/32 [orc warrior/+0 battleaxe (6)]
  2616 | D:7      | HP: 2/32 [orc warrior/+0 battleaxe (5)]
  2619 | D:7      | Demolished by an orc warrior

Levels and vault maps discovered:
D:1:      minmay_arrival_solitary_statue, layout_loops_ring
D:2:      minmay_spotlight, layout_basic, basic_altar, kennysheep_nondescript
D:3:      layout_loops_cross, hangedman_decor_opposing, dk_noncrumbling_4,
          minmay_misc_feat_diagonals, lightli_corner_chamber
D:4:      layout_gridville, temple_green, kennysheep_orc_chapel, uniq_sigmund
D:7:      layout_layer_cave, grunt_temple_overflow_opulence,
          chequers_guarded_unrand_ignorance

Skill      XL: |  1  2  3  4  5 |
---------------+----------------+-----
Axes           | 2 3 4 |  4.2
Shields        | 4 |  4.0
Fighting       | |  3.2
Armour         | |  3.2

Action                     |  1- 3 |  4- 6 || total
---------------------------+-------+-------++-------
  Melee: War axe           |    95 |    56 ||   151
    Use: Scroll            |     7 |     1 ||     8
         Potion            |     2 |       ||     2
 Armour: Scale mail        |    45 |    30 ||    75
  Dodge: Dodged            |    38 |    27 ||    65
  Block: Buckler           |    10 |     9 ||    19
         Kite shield       |       |    15 ||    15

Table legend:
 A = Non-vault XP
 B = Vault XP
 C = Vault XP percentage of total XP
 D = Non-vault monster count
 E = Vault monster count
 F = Vault count percentage of total count
                 A         B        C        D         E       F
            +---------+---------+-------+---------+---------+-------
      Total |     156 |      18 |  10.3 |      45 |       4 |   8.2
            +---------+---------+-------+---------+---------+-------
        D:1 |      42 |       0 |   0.0 |      21 |       0 |   0.0
        D:2 |      15 |      18 |  54.5 |       8 |       4 |  33.3
        D:3 |      94 |       0 |   0.0 |      14 |       0 |   0.0
        D:4 |       2 |       0 |   0.0 |       1 |       0 |   0.0
        D:7 |       3 |       0 |   0.0 |       1 |       0 |   0.0
            +---------+---------+-------+---------+---------+-------
